 Dungeon Crawl Stone Soup version 0.19.3-4-gbf9329e (webtiles) character file.

53034 empire the Protected (level 14, -2/127 HPs)
             Began as a Minotaur Fighter on Jan 27, 2017.
             Was a High Priest of Nemelex Xobeh.
             Slain by a starcursed mass (7 damage)
             ... on level 2 of the Abyss on Jan 30, 2017.
             The game lasted 00:53:15 (17634 turns).

empire the Protected (Minotaur Fighter)            Turns: 17634, Time: 00:53:16

Health: -2/127     AC: 24    Str: 25    XL:     14   Next: 29%
Magic:  19/19      EV: 13    Int:  5    God:    Nemelex Xobeh [*****.]
Gold:   930        SH: 13    Dex: 11    Spells: 0 memorised, 13 levels left

rFire  x . .     SeeInvis .     b - +0 scimitar
rCold  + + +     Gourm    .     Z - +3 ice dragon scales
rNeg   . . .     Faith    .     V - +0 shield
rPois  .         Spirit   .     J - +2 hat
rElec  .         Reflect  .     Y - +2 cloak
rCorr  .         Harm     .     (no gloves)
MR     +....     Rnd*Rage +     W - +0 pair of boots
Stlth  ..........               (no amulet)
                                G - ring of protection from cold
                                q - ring of protection from cold

@: no status effects
A: retaliatory headbutt, horns 2, berserk 1
a: Triple Draw, Deal Four, Stack Five, Renounce Religion


You were on level 2 of the Abyss.
You worshipped Nemelex Xobeh.
Nemelex Xobeh was extremely pleased with you.
You were hungry.

You visited 5 branches of the dungeon, and saw 18 of its levels.
You visited the Abyss 2 times.
You also visited: Bailey.

You collected 930 gold pieces.

Inventory:

Hand Weapons
 a - a +1 long sword
 b - a +0 scimitar (weapon)
Armour
 r - a +0 troll leather armour
 J - a +2 hat (worn)
 K - the +5 scale mail of Disappointment {Int+7 Dex-4 Slay+4, unknown}
   (You took it off a kobold on level 9 of the Dungeon)

   It affects your intelligence (+7).
   It affects your dexterity (-4).
   It affects your accuracy and damage with ranged weapons and melee attacks
   (+4).
 V - a +0 shield (worn)
 W - a +0 pair of boots (worn)
 Y - a +2 cloak (worn)
 Z - +3 ice dragon scales (worn)
Jewellery
 c - an uncursed ring of protection from fire {unknown}
 q - a ring of protection from cold (left hand)
 s - an uncursed ring of flight
 y - an uncursed amulet of harm {unknown}
 A - an uncursed ring of resist corrosion {unknown}
 G - a ring of protection from cold (right hand)
Wands
 l - a wand of confusion (26/48)
 u - a wand of confusion (16/48)
 v - a wand of random effects (42/48)
 z - a wand of slowing (22/48)
 E - a wand of heal wounds (0/9)
 H - a wand of flame (27/48)
 N - a wand of iceblast (6/15)
 R - a wand of iceblast (3/15)
Scrolls
 e - 2 scrolls of amnesia
 i - 2 scrolls of fog
 j - 3 scrolls of identify
 k - 12 scrolls of remove curse
 n - 4 scrolls of teleportation
 D - a scroll of fear
Potions
 d - a potion of might
 p - 5 potions of resistance
 t - a potion of magic
 L - 2 potions of flight
 M - a potion of agility
Books
 C - a book of Callings

   Spells                             Type                      Level
   a - Summon Small Mammal            Summoning                    1
   b - Call Imp                       Summoning                    2
   c - Call Canine Familiar           Summoning                    3
   d - Summon Guardian Golem          Hexes/Summoning              3
   e - Summon Lightning Spire         Summoning/Air                4
   f - Summon Ice Beast               Ice/Summoning                4
Miscellaneous
 m - an ornate deck of summoning
 B - a plain deck of escape
 O - a plain deck of escape {drawn: 6}
 P - a plain deck of destruction {drawn: 7}
 S - a legendary deck of summoning {drawn: 1}
Comestibles
 f - 17 bread rations
 g - 9 meat rations
 h - 3 slices of pizza
 o - 4 fruits
 x - 2 beef jerkies
 F - a royal jelly
 I - 3 chunks of flesh


   Skills:
 + Level 12.9 Fighting
 + Level 12.6 Long Blades
 + Level 13.0 Armour
 - Level 7.1 Dodging
 + Level 12.9 Shields
 - Level 3.0 Invocations
 + Level 8.6 Evocations


You had 13 spell levels left.
You didn't know any spells.

Dungeon Overview and Level Annotations

Branches:
Dungeon (13/15)            Temple (1/1) D:6            Lair (2/6) D:9
  Snake (1/4) Lair:2          Orc (1/2) D:11
  Swamp: Lair:2-4    Shoals: Lair:2-4    Vaults: D:13-14

Altars:
Ashenzari
Cheibriados
Dithmenos
Elyvilon
Fedhas
Gozag
Hepliaklqana
Kikubaaqudgha
Makhleb
Nemelex Xobeh
Okawaru
Qazlal
Ru
Sif Muna
Trog
Uskayaw
Vehumet
Xom
Yredelemnul
Zin
The Shining One

Annotations:
Snake:1 Aizul, Louise


Innate Abilities, Weirdness & Mutations

You reflexively headbutt those who attack you in melee.
You have a pair of horns on your head.
You tend to lose your temper in combat.


Message History

It was a potion of agility.
You feel agile all of a sudden.
A starcursed mass splits.
The large abomination is struck by lightning.
You hear a bellow!
Unknown command.
Evoke which item? (* to show all) (? for menu, Esc to quit)
Okay, then.
Unknown command.
It was a potion of cancellation.
You feel strangely stable.
Your magical effects are unravelling.
You feel magically purged.
You feel a little less agile now.
Your resistance to elements expires.
The tormentor calls on the powers of darkness!
Your body is wracked with pain!
* * * LOW HITPOINT WARNING * * *
The starcursed mass engulfs you!
You die...
Your body glows with a rainbow of weird colours and disappears.

. .. . ..### ###
## #...# ...
#.##. #.#.##.# #.
?... #..§#§X. #
###..###..§§##
#........#2X..#.#
#... #§5..XXX.§#
#.# #..#.3@.#.##
#.###X##§#.. #..
..## #..## .5#
#...# #... #.# #.
## ...# #. ##. #
##. .#X# # # .
.#.# . .. .#


You could see 3 starcursed masses, 2 large abominations, a tormentor, a neqoxec
and an iron imp.

Vanquished Creatures
  Gastronok (D:8)
  An orc warlord (Bailey)
  A stone giant (Orc:1)
  A dire elephant (Lair:2)
  The ghost of lisu the Fighter, a journeyman MiFi of Okawaru (Lair:2)
  Fannar (D:11)
  The ghost of theAP the Spear-Bearer, a novice FoFi of Ashenzari (D:6)
  2 hill giants
  Pikel (D:8)
  3 ugly things
  A manticore (D:11)
  8 elephants (Lair:2)
  2 black mambas
  A guardian serpent (Lair:2)
  4 spiny frogs
  2 komodo dragons
  2 kobold demonologists (D:12)
  4 trolls
  3 hornets
  Prince Ribbit (D:6)
  3 hippogriffs
  2 spriggans
  13 yaks
  A water elemental (D:11)
  2 basilisks
  3 golden eyes (Abyss:2)
  A fire bat (Abyss:2)
  2 hungry ghosts (D:9)
  2 vampire mosquitoes (D:11)
  A mottled dragon (D:11)
  A warg (Orc:1)
  2 water moccasins
  3 porcupines
  4 sky beasts
  A hornet zombie (D:10)
  2 ice beasts (D:8)
  21 orc warriors
  A necrophage (D:7)
  3 black bears
  7 wolves (Lair:2)
  6 ogres
  4 centaurs
  5 big kobolds
  A crocodile (Lair:1)
  Blork the orc (D:4)
  10 bullfrogs
  A wyvern skeleton (D:11)
  2 scorpions
  21 killer bees
  2 electric eels (D:11)
  3 howler monkeys
  2 bullfrog zombies
  3 crimson imps
  A quasit (D:8)
  A starcursed mass (Abyss:2)
  2 centaur zombies
  Crazy Yiuf (D:4)
  6 orc priests
  9 hounds
  2 jellies (D:11)
  Terence (D:3)
  Natasha (thrice) (D:4)
  An iguana (D:7)
  7 orc wizards
  6 worker ants
  3 hound skeletons
  3 worker ant zombies
  11 gnolls
  A howler monkey skeleton (D:9)
  13 adders
  A river rat (Abyss:2)
  A shadow imp (D:5)
  A white imp (Abyss:2)
  2 oozes
  2 adder zombies
  2 adder skeletons
  2 worms
  4 dart slugs
  4 leopard geckos
  71 orcs
  A ball python (D:2)
  4 giant cockroaches
  26 goblins
  23 hobgoblins
  7 jackals (D:5)
  18 kobolds
  7 quokkas
  7 bats
  4 frilled lizards
  2 goblin skeletons (D:8)
  A hobgoblin zombie (D:8)
  A leopard gecko skeleton (D:4)
  3 orc skeletons (D:8)
  2 orc zombies (D:8)
  A quokka zombie (D:5)
  8 rats
453 creatures vanquished.

Vanquished Creatures (collateral kills)
  Kirke (Snake:1)
  Harold (D:10)
  A naga warrior (Snake:1)
  A spatial maelstrom (Abyss:2)
  A sixfirhy (Abyss:2)
  A salamander (Snake:1)
  3 elephants (Lair:2)
  3 black mambas (Snake:1)
  3 large abominations (Abyss:2)
  An ice dragon zombie (Abyss:2)
  3 hogs (Snake:1)
  5 yaks (D:9)
  A naga (Snake:1)
  An orc warrior (D:11)
  An electric eel (D:11)
  4 starcursed masses (Abyss:2)
  A quasit (Abyss:2)
  A white imp (Abyss:2)
  3 orcs (D:11)
  A fungus (Lair:2)
37 creatures vanquished.

Vanquished Creatures (others)
  4 slaves (D:8)
  A bullfrog zombie (D:8)
  A worker ant (D:8)
  56 fungi (Lair:2)
  9 plants (Lair:2)
71 creatures vanquished.

Grand Total: 561 creatures vanquished

Notes
Turn   | Place    | Note
-------+----------+-------------------------------------------
     0 | D:1      | empire the Minotaur Fighter began the quest for the Orb.
     0 | D:1      | Reached XP level 1. HP: 19/19 MP: 0/0
   204 | D:1      | Reached XP level 2. HP: 27/27 MP: 1/1
   465 | D:1      | Reached skill level 4 in Armour
   710 | D:2      | Reached XP level 3. HP: 30/33 MP: 2/2
   875 | D:2      | Found a burning altar of Makhleb.
   880 | D:2      | Reached XP level 4. HP: 39/40 MP: 3/3
  1740 | D:3      | Reached skill level 5 in Shields
  1832 | D:3      | Noticed Terence
  1839 | D:3      | Killed Terence
  1839 | D:3      | Reached XP level 5. HP: 40/46 MP: 4/4
  2548 | D:4      | Reached skill level 5 in Armour
  2567 | D:4      | Found a shadowy altar of Dithmenos.
  2665 | D:4      | Found a runed door.
  2669 | D:4      | Noticed Crazy Yiuf
  2676 | D:4      | Killed Crazy Yiuf
  2676 | D:4      | Reached XP level 6. HP: 35/55 MP: 5/5
  2872 | D:4      | You fall through a shaft for 2 floors!
  2887 | D:6      | Noticed Prince Ribbit
  2900 | D:6      | Killed Prince Ribbit
  2900 | D:6      | Reached skill level 5 in Fighting
  2916 | D:5      | Entered Level 5 of the Dungeon
  2918 | D:5      | Found a shimmering altar of Xom.
  2923 | D:5      | Found a shattered altar of Ashenzari.
  2923 | D:5      | Found a sacrificial altar of Ru.
  2923 | D:5      | Found a radiant altar of Vehumet.
  2925 | D:5      | Found an ancient bone altar of Kikubaaqudgha.
  2926 | D:5      | Found a deep blue altar of Sif Muna.
  2987 | D:5      | Reached XP level 7. HP: 44/61 MP: 6/6
  3032 | D:5      | Reached skill level 5 in Long Blades
  3038 | D:5      | Reached skill level 6 in Armour
  3441 | D:4      | Cast into level 1 of the Abyss (gnoll)
  3476 | D:4      | Escaped the Abyss
  3691 | D:4      | Noticed Natasha
  3698 | D:4      | Killed Natasha
  3701 | D:4      | Reached XP level 8. HP: 69/71 MP: 7/7
  3840 | D:4      | Noticed Blork the orc
  3845 | D:4      | Killed Blork the orc
  3926 | D:4      | Noticed Natasha
  3932 | D:4      | Killed Natasha
  4057 | D:4      | Noticed Natasha
  4064 | D:4      | Killed Natasha
  4129 | D:5      | Reached skill level 7 in Armour
  4585 | D:6      | Found a staircase to the Ecumenical Temple.
  4594 | Temple   | Entered the Ecumenical Temple
  4987 | Temple   | Became a worshipper of Nemelex Xobeh the Trickster
  5074 | D:7      | Received a gift from Nemelex Xobeh
  5248 | D:6      | Noticed theAP's ghost (novice FoFi)
  5276 | D:6      | Killed theAP's ghost
  5276 | D:6      | Reached skill level 1 in Evocations
  5276 | D:6      | Reached XP level 9. HP: 25/81 MP: 7/9
  5709 | D:7      | Reached skill level 8 in Armour
  5931 | D:7      | Reached * piety under Nemelex Xobeh
  5980 | D:7      | Noticed a hill giant
  5992 | D:7      | Killed a hill giant
  6761 | D:8      | Found a glowing silver altar of Zin.
  6762 | D:8      | Found an opulent altar of Gozag.
  6894 | D:8      | Paralysed by a hornet for 3 turns
  6900 | D:8      | Paralysed by a hornet for 2 turns
  7174 | D:8      | Reached skill level 9 in Armour
  7219 | D:8      | Reached XP level 10. HP: 89/90 MP: 11/11
  7452 | D:8      | Found a glowing golden altar of the Shining One.
  7540 | D:8      | Found an iron altar of Okawaru.
  7541 | D:8      | Noticed Pikel
  7553 | D:8      | Killed Pikel
  7758 | D:8      | Noticed Gastronok
  7778 | D:8      | Killed Gastronok
  8026 | D:8      | Reached ** piety under Nemelex Xobeh
  8183 | D:8      | Reached skill level 10 in Armour
  8451 | D:8      | Reached skill level 10 in Shields
  8599 | D:9      | Paralysed by a hornet for 2 turns
  8610 | D:8      | Paralysed by a hornet for 2 turns
  8838 | D:9      | Reached skill level 10 in Fighting
  8838 | D:9      | Reached skill level 5 in Evocations
  8844 | D:9      | Reached XP level 11. HP: 59/99 MP: 13/13
  9338 | D:9      | Noticed a brown ugly thing
  9348 | D:9      | Killed a brown ugly thing
  9388 | D:9      | Found a staircase to the Lair.
  9403 | D:9      | Gained mutation: You tend to lose your temper in combat. [mutagenic meat]
  9405 | D:9      | Gained mutation: You passively map a small area around you. [mutagenic meat]
  9407 | D:9      | Gained mutation: Your muscles are strong. (Str +2) [mutagenic meat]
  9625 | D:9      | Reached skill level 10 in Long Blades
  9800 | D:9      | Received a gift from Nemelex Xobeh
 10185 | D:9      | Got a spiked scale mail
 10249 | D:10     | Entered Level 10 of the Dungeon
 10681 | D:10     | Reached *** piety under Nemelex Xobeh
 10695 | D:10     | Received a gift from Nemelex Xobeh
 10733 | D:10     | Noticed Harold
 10746 | D:10     | Killed Harold
 11546 | D:10     | Noticed a brown ugly thing
 11560 | D:10     | Killed a brown ugly thing
 11560 | D:10     | Reached skill level 11 in Armour
 11605 | D:11     | Noticed a green ugly thing
 11621 | D:11     | Killed a green ugly thing
 11858 | D:11     | Found a staircase to the Orcish Mines.
 11891 | D:11     | Found a flagged portal.
 11912 | Bailey   | Entered a bailey
 12494 | Bailey   | Received a gift from Nemelex Xobeh
 12850 | Bailey   | Noticed an orc warlord
 12864 | Bailey   | Killed an orc warlord
 12864 | Bailey   | Reached XP level 12. HP: 23/110 MP: 16/16
 13306 | D:11     | Noticed Fannar
 13323 | D:12     | Paralysed by a hornet for 2 turns
 13998 | D:11     | Received a gift from Nemelex Xobeh
 14043 | D:11     | You fall through a shaft for 2 floors!
 14145 | D:11     | Killed Fannar
 14618 | D:11     | Reached **** piety under Nemelex Xobeh
 14987 | Orc:1    | Entered Level 1 of the Orcish Mines
 15073 | Orc:1    | Received a gift from Nemelex Xobeh
 15213 | Orc:1    | Noticed a stone giant
 15230 | Orc:1    | Killed a stone giant
 15230 | Orc:1    | Reached skill level 12 in Armour
 15836 | Lair:1   | Entered Level 1 of the Lair of Beasts
 15917 | Lair:1   | Received a gift from Nemelex Xobeh
 16242 | Lair:1   | Reached ***** piety under Nemelex Xobeh
 16398 | Lair:2   | Found a staircase to the Snake Pit.
 16444 | Lair:2   | Gained mutation: Scrolls take you a little longer to read. [mutagenic meat]
 16446 | Lair:2   | Gained mutation: Your spells are a little easier to cast, but a little less powerful. [mutagenic meat]
 16456 | Lair:2   | Reached XP level 13. HP: 118/118 MP: 17/17
 16457 | Lair:2   | Noticed lisu's ghost (journeyman MiFi)
 16494 | Lair:2   | Killed lisu's ghost
 16669 | Lair:2   | Received a gift from Nemelex Xobeh
 16896 | Lair:2   | Lost mutation: Your spells are a little easier to cast, but a little less powerful. [potion of cure mutation]
 16896 | Lair:2   | Lost mutation: Your muscles are strong. (Str +2) [potion of cure mutation]
 16896 | Lair:2   | Lost mutation: Scrolls take you a little longer to read. [potion of cure mutation]
 16896 | Lair:2   | Lost mutation: You passively map a small area around you. [potion of cure mutation]
 16932 | Lair:2   | Noticed a dire elephant
 16956 | Lair:2   | Killed a dire elephant
 16956 | Lair:2   | Reached XP level 14. HP: 78/127 MP: 19/19
 17415 | Snake:1  | Entered Level 1 of the Snake Pit
 17448 | Snake:1  | Killed Kirke
 17482 | Snake:1  | Noticed Louise
 17486 | Snake:1  | Noticed Aizul
 17488 | Snake:1  | Cast into level 2 of the Abyss (Louise)
 17488 | Abyss:2  | Found a corrupted altar of Lugonu.
 17497 | Abyss:2  | Received a gift from Nemelex Xobeh
 17512 | Abyss:2  | Found a corrupted altar of Lugonu.
 17577 | Abyss:2  | Paralysed by accursed screaming for 1 turns
 17592 | Abyss:2  | Reached skill level 13 in Armour
 17601 | Abyss:2  | Noticed a starcursed mass
 17634 | Abyss:2  | HP: 5/127 [??? (3)]
 17634 | Abyss:2  | Slain by a starcursed mass

Skill      XL: |  1  2  3  4  5  6  7  8  9 10 11 12 13 14 |
---------------+-------------------------------------------+-----
Armour         | 4 5 6 7 9 10 11 12 13 | 13.0
Shields        | 4 5 6 7 8 10 11 12 | 12.9
Fighting       | 4 5 6 7 8 10 11 12 | 12.9
Long Blades    | 3 4 5 7 8 9 11 12 | 12.6
Invocations    | 2 3 |  3.0
Evocations     | 1 3 5 6 7 8 |  8.6
Dodging        | 7 |  7.1

Action                   |  1- 3 |  4- 6 |  7- 9 | 10-12 | 13-15 || total
-------------------------+-------+-------+-------+-------+-------++-------
Melee: Long sword        |    62 |   162 |   319 |   820 |       ||  1363
       Headbutt          |    13 |    31 |    70 |   250 |    69 ||   433
       Scimitar          |       |       |       |   147 |   198 ||   345
       Unarmed           |       |       |       |       |     3 ||     3
Invok: Deal Four         |       |       |       |       |     2 ||     2
Evoke: Wand              |       |       |       |    18 |     6 ||    24
       Deck              |       |       |       |    19 |    18 ||    37
  Use: Scroll            |       |    10 |     4 |    15 |     2 ||    31
       Potion            |       |       |       |    15 |     6 ||    21
 Stab: Distracted        |       |       |       |       |     2 ||     2
  Eat: Chunk             |       |     7 |    13 |    39 |     4 ||    63
       Fruit             |       |       |       |     2 |       ||     2
Armor: Scale mail        |    50 |    28 |       |       |       ||    78
       Ice dragon scales |       |    46 |   145 |   451 |    70 ||   712
       Skin              |       |     1 |       |    22 |       ||    23
Dodge: Dodged            |    20 |    55 |   115 |   334 |    89 ||   613
Block: Shield            |    38 |    81 |   187 |   684 |   128 ||  1118
       Rpst.: Long sword |     5 |    14 |    34 |    88 |       ||   141
       Scimitar          |       |       |       |     8 |    29 ||    37
